 Dungeon Crawl Stone Soup version 0.28.0-47-ge53b351184 (webtiles) character file.

Game seed: 598654938675397843

2361 ultragoat the Chopper (level 9, 0/79 HPs)
             Began as a Hill Orc Fighter on May 7, 2022.
             Was an Elder of Fedhas.
             Slain by Pikel the human
             ... wielding a +1 whip of freezing
              (3 damage)
             ... on level 6 of the Dungeon.
             The game lasted 00:27:47 (9146 turns).

ultragoat the Chopper (Hill Orc Fighter)            Turns: 9146, Time: 00:27:47

Health: 0/79       AC:  9    Str: 23    XL:     9   Next: 44%
Magic:  12/12      EV: 11    Int: 14    God:    Fedhas [****..]
Gold:   122        SH:  6    Dex: 16    Spells: 8/8 levels left

rFire   . . .      SeeInvis .   a - +1 war axe
rCold   . . .      Faith    .   c - +0 buckler
rNeg    . . .      Spirit   .   t - +3 scale mail {Will+}
rPois   +          Reflect  .   (no helmet)
rElec   .          Harm     .   n - +1 cloak {rPois}
rCorr   .          Rampage  .   (no gloves)
Will    +....                   (no boots)
Stlth   ..........              (no amulet)
HPRegen 0.23/turn               g - +6 ring of intelligence
MPRegen 0.13/turn               q - +6 ring of dexterity

@: corroded
A: no striking features
a: Renounce Religion, Wall of Briars, Grow Ballistomycete, Overgrow


You were on level 6 of the Dungeon.
You worshipped Fedhas.
Fedhas was greatly pleased with you.
You visited 1 branch of the dungeon, and saw 7 of its levels.

You collected 257 gold pieces.
You spent 135 gold pieces at shops.

Inventory:

Hand Weapons
 a - a +1 war axe (weapon)
 e - a +0 fustibalus
Missiles
 k - a throwing net (quivered)
Armour
 c - a +0 buckler (worn)
 n - a +1 cloak of poison resistance (worn)
 t - a +3 scale mail of willpower (worn)
Jewellery
 g - a +6 ring of intelligence (left hand)
 q - a +6 ring of dexterity (right hand)
 s - a ring of magical power
Wands
 h - a wand of iceblast (12)
 j - a wand of flame (8)
 m - a wand of digging (5)
 o - a wand of polymorph (10)
Scrolls
 d - a scroll of vulnerability {unknown}
 l - a scroll of enchant armour
 u - a scroll of holy word
Potions
 b - a potion of cancellation
 f - a potion of might
 i - a potion of brilliance
 p - a potion of flight


   Skills:
 + Level 7.1 Fighting
 + Level 7.5 Axes
 + Level 6.8 Armour
 + Level 3.8 Dodging
 + Level 6.7 Shields
 + Level 4.8 Invocations


You had 8 spell levels left.
You didn't know any spells.
Your spell library contained the following spells:

 Spells                   Type           Power      Damage    Failure   Level
 Foxfire                  Conj/Fire      0%         2x1d4     63%         1
 Conjure Flame            Conj/Fire      0%         6-21      94%         3
 Inner Flame              Hex/Fire       0%         N/A       94%         3
 Flame Wave               Conj/Fire      0%         2d4       100%        4


Dungeon Overview and Level Annotations

Branches:
Dungeon (7/15)             Temple (0/1) D:5

Altars:
Dithmenos
Fedhas
Hepliaklqana
Okawaru
Qazlal
Ru
Vehumet
Yredelemnul
Beogh

Shops:
D:6 [

Annotations:
D:2 1 runed translucent door, Crazy Yiuf
D:3 3 runed translucent doors, Death25's ghost, weakling MiAK
D:6 Pikel


Message History

You are no longer corroded.
You block Pikel's attack. Pikel hits you but does no damage.
You barely miss Pikel.
Pikel is moderately wounded.
Pikel barely misses you.
You hit Pikel.
Pikel is moderately wounded.
You block Pikel's attack.
You miss Pikel.
Pikel is moderately wounded.
Pikel hits you with a +1 whip of freezing!
Pikel freezes you.
You hit Pikel.
Pikel is heavily wounded.
Pikel closely misses you.
You slash Pikel!
Pikel is almost dead.
Pikel hits you with a +1 whip of freezing.
Pikel freezes you.
You barely miss Pikel.
Pikel is almost dead.
You block Pikel's attack.
Pikel hits you with a +1 whip of freezing.
Pikel freezes you.
You hit Pikel but do no damage.
Pikel is almost dead.
Pikel misses you.
You closely miss Pikel.
Pikel is almost dead.
Pikel closely misses you.
You barely miss Pikel.
Pikel is almost dead.
Pikel zaps a wand.
The bolt of acid hits you!!
* * * LOW HITPOINT WARNING * * *
The acid corrodes you!
You hit Pikel but do no damage.
Pikel is almost dead.
Pikel hits you with a +1 whip of freezing.
You die...
Fedhas appreciates your contribution to the ecosystem.

.........#.##..#.#..........#.#.#
###...##....................#.#..
#...##.#.##..#.#..........#.###
#...##.#.##........##....)#....
#...##.#.##.#..###.##.....#.###
#...##......#..###.##..........
###.##......#......##.....#####
#########........p...#......#####
.#.#⌠#_##.....#.@................
.#.#.#._#.....###...#..###..####.
.......##.....+........#∩'.......
.......##.....#######..###..####.
.#.#.#.##.....# #......## #.
.#♣######.....# #......# #. ##
####### ######## ## ####### #
#.....# #


You could see Pikel the human.

Vanquished Creatures
  Edmund (D:4)
  An acid dragon (D:6)
  A sky beast (D:6)
  4 necrophages
  A centaur (D:7)
  An ogre (D:5)
  A phantom (D:5)
  A bullfrog (D:7)
  A scorpion (D:6)
  9 wights
  A howler monkey (D:5)
  2 centaur zombies (D:5)
  2 bullfrog zombies
  2 orc priests (D:3)
  A jelly (D:6)
  A bullfrog skeleton (D:6)
  2 gnoll shamans
  4 hounds
  Jessica (D:2)
  4 iguanas
  An orc wizard (D:3)
  2 hound skeletons
  9 gnolls
  5 adders
  A shadow imp (D:5)
  2 white imps
  2 ufetubi
  4 worms
  3 dart slugs
  14 orcs
  10 endoplasms
  5 giant cockroaches
  5 goblins
  4 hobgoblins
  12 jackals
  5 quokkas
  8 ball pythons
  3 bats
  A frilled lizard (D:2)
  10 kobolds
147 creatures vanquished.

Vanquished Creatures (collateral kills)
  Ijyb (D:5)
1 creature vanquished.

Vanquished Creatures (others)
  A shadow imp (D:7)
1 creature vanquished.

Grand Total: 149 creatures vanquished

Notes
Turn   | Place    | Note
-------+----------+-------------------------------------------
     0 | D:1      | ultragoat the Hill Orc Fighter began the quest for the Orb.
     0 | D:1      | Reached XP level 1. HP: 19/19 MP: 1/1
   134 | D:1      | Reached XP level 2. HP: 14/27 MP: 2/2
   376 | D:1      | Found a faded altar of an unknown god.
   380 | D:1      | Prayed at the altar of an unknown god.
   380 | D:1      | Became a worshipper of Fedhas Madash
   380 | D:1      | Reached * piety under Fedhas
  1201 | D:2      | Reached XP level 3. HP: 30/33 MP: 3/3
  1277 | D:2      | Noticed Jessica
  1281 | D:2      | Killed Jessica
  1300 | D:2      | Reached XP level 4. HP: 10/40 MP: 4/4
  2158 | D:2      | Found a runed translucent door.
  2169 | D:2      | Noticed Crazy Yiuf
  2201 | D:2      | Reached ** piety under Fedhas
  2566 | D:3      | Reached XP level 5. HP: 24/47 MP: 5/5
  3023 | D:3      | Reached skill level 1 in Dodging
  3424 | D:3      | Found a runed translucent gate.
  3424 | D:3      | Found a runed translucent gate.
  3424 | D:3      | Found a runed translucent gate.
  3427 | D:3      | Noticed Death25's ghost (weakling MiAK)
  3429 | D:3      | Identified the +11 dagger "Kyosem" {venom, *Rage Fly rN+
                  | Str+4}
  3429 | D:3      | Identified the +5 leather armour of Jocuh {*Corrode rElec
                  | Regen+ SInv}
  3430 | D:3      | Found a roughly hewn altar of Beogh.
  3596 | D:3      | Found a sacrificial altar of Ru.
  4004 | D:4      | Reached XP level 6. HP: 52/55 MP: 6/6
  4069 | D:4      | Reached skill level 5 in Fighting
  4261 | D:4      | Reached skill level 5 in Axes
  4261 | D:4      | Reached skill level 5 in Armour
  4261 | D:4      | Reached XP level 7. HP: 5/61 MP: 7/7
  4840 | D:4      | Reached *** piety under Fedhas
  4861 | D:4      | Found a stormy altar of Qazlal.
  4914 | D:4      | Noticed Edmund
  4956 | D:4      | Killed Edmund
  4957 | D:4      | Reached skill level 5 in Shields
  5251 | D:5      | Entered Level 5 of the Dungeon
  5447 | D:5      | Reached XP level 8. HP: 7/70 MP: 8/8
  5910 | D:5      | Reached skill level 1 in Invocations
  5916 | D:5      | Noticed Ijyb
  5921 | D:5      | Killed Ijyb
  6198 | D:5      | Found a staircase to the Ecumenical Temple.
  7768 | D:6      | Found Koedgh's Armour Shoppe.
  7771 | D:6      | Bought a +1 cloak of poison resistance for 135 gold pieces
  8045 | D:6      | Found an iron altar of Okawaru.
  8195 | D:6      | Reached XP level 9. HP: 71/78 MP: 11/11
  8641 | D:6      | Found a shadowy altar of Dithmenos.
  8817 | D:6      | Reached **** piety under Fedhas
  8933 | D:6      | Found a basalt altar of Yredelemnul.
  8938 | D:6      | Found a hazy altar of Hepliaklqana.
  9118 | D:7      | Noticed Pikel
  9124 | D:7      | Noticed Pikel
  9124 | D:7      | Pikel changed into Pikel the human
  9128 | D:7      | Found a radiant altar of Vehumet.
  9145 | D:6      | HP: 3/79 [Pikel the human/bolt of acid (34)]
  9146 | D:6      | Slain by Pikel the human

Illustrated notes

Levels and vault maps discovered:
D:1:      kilobyte_arrival_exit_the_forest, layout_loops_ring, serial_forest,
          infiniplex_forest_straight_3, infiniplex_forest_clump_small,
          infiniplex_forest_end_1, infiniplex_forest_split,
          infiniplex_forest_clump_small, hellmonk_ecumenical_altar_heavens_door,
          corexii_leaking_fountain
D:2:      layout_loops_ring, uniq_crazy_yiuf_cottage, uniq_jessica
D:3:      layout_basic, nicolae_ru_sacrificial_ziggurat,
          biasface_ghost_orc_armoury
D:4:      layout_basic, mainiacjoe_overflow_alcove_1, uniq_edmund
D:5:      layout_gridville, minmay_temple_entry_statues_pillars, serial_glass,
          glass_columns_a, glass_columns_a, kennysheep_nub,
          minmay_misc_feat_columns, uniq_ijyb
D:6:      layout_basic, grunt_dithmenos_smoke, okawaru_altar_gauntlet_db,
          minitemple, serial_shops, kennysheep_mini_moat
D:7:      layout_cave_pools, nicolae_vehumet_radiance, uniq_pikel

Skill      XL: |  1  2  3  4  5  6  7  8  9 |
---------------+----------------------------+-----
Axes           | 3 4 5 6 7 |  7.5
Fighting       | 4 5 6 7 |  7.1
Armour         | 4 5 6 |  6.8
Shields        | 4 5 6 |  6.7
Dodging        | 1 2 3 |  3.8
Invocations    | 3 4 |  4.8

Action                   |  1- 3 |  4- 6 |  7- 9 || total
-------------------------+-------+-------+-------++-------
Melee: War axe           |    85 |   148 |   300 ||   533
Invok: Wall of Briars    |       |       |     1 ||     1
Evoke: Wand              |       |       |    11 ||    11
  Use: Potion            |       |     2 |     8 ||    10
       Scroll            |       |       |     9 ||     9
 Stab: Invisible         |       |       |     2 ||     2
Armor: Scale mail        |    57 |    76 |   124 ||   257
Dodge: Dodged            |    38 |    60 |   165 ||   263
Block: Buckler           |    28 |    27 |   106 ||   161
